 Dungeon Crawl Stone Soup version 0.20-a0-960-ge493e74 (webtiles) character file.

47 Murumi the Sneak (level 3, -1/32 HPs)
             Began as a Naga Assassin on Apr 7, 2017.
             Killed from afar by Natasha (8 damage)
             ... with a magic dart
             ... on level 2 of the Dungeon.
             The game lasted 00:04:09 (1119 turns).

Murumi the Sneak (Naga Assassin)                    Turns: 1119, Time: 00:04:11

Health: -1/32      AC:  3    Str: 13    XL:     3   Next: 70%
Magic:  3/3        EV: 12    Int: 11    God:
Gold:   34         SH:  0    Dex: 13    Spells: 2/2 levels left

rFire    . . .     SeeInvis +   a - +2 dagger
rCold    . . .     Gourm    .   (no shield)
rNeg     . . .     Faith    .   c - +0 robe
rPois    +         Spirit   .   (no helmet)
rElec    .         Reflect  .   d - +0 cloak
rCorr    .         Harm     .   (no gloves)
MR       .....                  (no barding)
Stlth    ++++......             (no amulet)
Regen    0.1/turn               k - +3 ring of evasion
MPRegen  0.1/turn               (no ring)

@: short of breath, slowed, very slow
A: see invisible, deformed body, poison resistance, slowness 2, slow metabolism
1, spit poison 1, AC +1
a: Spit Poison


You were on level 2 of the Dungeon.
You were not hungry.

You visited 1 branch of the dungeon, and saw 2 of its levels.

You collected 34 gold pieces.

Inventory:

Hand Weapons
 a - a +2 dagger (weapon)
 b - a +0 blowgun
Missiles
 e - 8 poisoned needles
 f - 2 curare-tipped needles
 j - 9 stones (quivered)
Armour
 c - a +0 robe (worn)
 d - a +0 cloak (worn)
Jewellery
 k - a +3 ring of evasion (left hand)
 l - an uncursed amulet of faith
Scrolls
 i - a scroll of remove curse
Potions
 m - a potion of haste
 n - a potion of curing {unknown}
Comestibles
 g - a bread ration
 h - 2 meat rations


   Skills:
 - Level 2.0 Fighting
 - Level 2.0 Short Blades
 - Level 1.7 Throwing
 - Level 1.0 Dodging
 + Level 7.9 Stealth


You had 2 spell levels left.
You didn't know any spells.

Dungeon Overview and Level Annotations

Branches:
Dungeon (2/15)

Altars:

Annotations:
D:2 Natasha


Innate Abilities, Weirdness & Mutations

You cannot wear boots.
Your serpentine skin is tough. (AC +1)
You have supernaturally acute eyesight. (SInv)
Armour fits poorly on your strangely shaped body.
Your system is resistant to poisons. (rPois)
You cover ground very slowly.
You have a slow metabolism.
You can spit poison.


Message History

Natasha casts a spell at you. The magic dart hits you! Natasha misses you.
You hit Natasha.
Natasha is severely wounded.
Natasha claws you!
Press: ? - help, Shift-Dir - straight line, f - Natasha
Aim: Natasha (severely wounded)
The splash of poison hits Natasha.
Natasha appears unharmed.
Natasha is severely wounded.
You feel slightly more hungry.
Natasha zaps a wand.
The puff of flame hits you!
* * * LOW HITPOINT WARNING * * *
It is a wand of flame (?/48).
You hit Natasha.
Natasha is severely wounded.
Natasha claws you but does no damage.
Natasha howls an incantation.
Natasha's front paws start to glow.
Natasha stares at you and mumbles some strange words.
The magic dart hits you!
You die...

## ###.#
####$#.#
##<##.#.####
#..........#
#........##
#.....@h.#
#........#
##.......#
............
#.#..#......##
...........##
.......>....
#......#.....


You could see Natasha.

Vanquished Creatures
  An adder (D:1)
  An ooze (D:2)
  A dart slug (D:1)
  8 bats (D:1)
  2 giant cockroaches
  5 goblins (D:1)
  4 hobgoblins (D:1)
  A frilled lizard (D:1)
  5 kobolds (D:1)
  5 rats (D:1)
33 creatures vanquished.

Notes
Turn   | Place    | Note
-------+----------+-------------------------------------------
     0 | D:1      | Murumi the Naga Assassin began the quest for the Orb.
     0 | D:1      | Reached XP level 1. HP: 19/19 MP: 1/1
    18 | D:1      | Reached skill level 6 in Stealth
   180 | D:1      | Reached skill level 1 in Dodging
   214 | D:1      | Reached XP level 2. HP: 26/26 MP: 2/2
   479 | D:1      | Reached skill level 7 in Stealth
   539 | D:1      | Reached XP level 3. HP: 32/32 MP: 3/3
  1107 | D:2      | Noticed Natasha
  1119 | D:2      | Killed from afar by Natasha

Vault maps used:
D:1:      dpeg_arrival_fog, serial_glass, glass_columns_a, glass_columns_a
D:2:      first_bread, uniq_natasha

Skill      XL: |  1  2 |
---------------+-------+-----
Stealth        | 6 7 |  7.9
Dodging        | 1 |  1.0
Fighting       | |  2.0
Short Blades   | |  2.0
Throwing       | |  1.7

Action                   || total
-------------------------++-------
Melee: Dagger            ||    79
Throw: Stone             ||     7
 Abil: Spit Poison       ||     3
  Use: Scroll            ||     5
 Stab: Sleeping          ||    16
Armor: Robe              ||     9
Dodge: Dodged            ||    28
